Map: Ruins of Endion

Players

Luzifer

  • Race: Terran Terran
  • League: Gold

blackxored - Winner!

  • Race: Zerg Zerg
  • League: Diamond

VOD

Have the link to the VOD?

Description

Time

  • Played on: July 3, 2016, 6 a.m.
  • Length: 17:32
Show
View Real Time Build Order
Export as new Build Order

Luzifer Terran 

Build Orders: Mech 

Get SALT Encoding   

  12  0:01  SCV  
  13  0:13  SCV  
  14  0:20  Supply Depot  
  14  0:25  SCV  
  15  0:42  SCV  
  16  0:43  Barracks  
  16  0:51  Refinery  
  16  0:54  SCV  
  17  0:58  Refinery  
  17  1:06  SCV  
  18  1:19  SCV  
  19  1:30  Marine  
  19  1:31  Supply Depot, Orbital Command  
  20  1:45  Factory  
  20  1:50  Marine  
  21  1:57  SCV  
  22  2:09  SCV  
  23  2:21  SCV  
  24  2:31  Factory Reactor  
  24  2:35  Starport  
  24  2:36  SCV  
  25  2:51  SCV  
  26  2:58  Command Center  
  26  3:04  Supply Depot  
  26  3:09  SCV  
  26  3:10  Hellion  
  26  3:11  Hellion  
  31  3:24  Supply Depot  
  31  3:25  Medivac  
  33  3:31  Supply Depot  
  33  3:32  SCV  
  34  3:38  Hellion  
  36  3:43  Hellion  
  38  3:52  Factory  
  38  4:00  Liberator  
  38  4:11  Orbital Command  
  38  4:14  Hellion x2  
  42  4:21  SCV  
  46  4:56  SCV x2  
  48  5:01  Hellion x2  
  48  5:03  Starport Reactor  
  48  5:05  Barracks Tech Lab  
  52  5:08  SCV x2  
  54  5:20  SCV x2  
  56  5:21  Factory, Factory Tech Lab  
  56  5:29  Armory  
  56  5:32  SCV x2  
  56  5:34  Marine  
  59  5:37  Stimpack  
  59  5:40  Hellion x2  
  59  5:42  Medivac  
  65  5:46  SCV  
  65  5:49  SCV  
  67  5:53  Engineering Bay  
  67  5:56  Siege Tank  
  70  6:02  Supply Depot  
  70  6:06  Supply Depot  
  70  6:13  Liberator x2  
  70  6:24  SCV x2  
  72  6:27  Widow Mine  
  72  6:28  Widow Mine  
  82  6:35  Factory Tech Lab  
  82  6:36  SCV x2  
  82  6:37  Terran Vehicle Weapons Level 1  
  84  6:48  SCV  
  85  7:08  Command Center  
  86  7:22  SCV  
  86  7:25  Refinery x2  
  86  7:29  Supply Depot  
  86  7:37  Barracks, SCV  
  86  7:39  Barracks x2  
  84  7:52  Hellbat x3  
  84  7:53  Hellbat  
  77  8:26  Liberator x2  
  64  8:35  Barracks Reactor x2  
  64  8:36  Barracks Reactor  
  64  8:39  Hellbat x2  
  71  8:41  Siege Tank  
  71  8:45  Missile Turret  
  71  8:47  Missile Turret, Terran Vehicle Weapons Level 2  
  77  8:57  Missile Turret  
  77  8:58  Planetary Fortress  
  77  9:25  Missile Turret  
  77  9:28  Missile Turret  
  77  9:31  Hellbat  
  77  9:32  Hellbat, Thor  
  77  9:33  Siege Tank  
  77  9:36  Marine  
  77  9:37  Marine x6  
  97  9:48  Missile Turret  
  97  9:50  Missile Turret  
  97  9:54  Marine  
  97  9:55  Marine x3, SCV  
  97  9:58  SCV x2  
  104  10:07  SCV  
  104  10:11  Missile Turret  
  105  10:15  Missile Turret  
  105  10:19  SCV  
  106  10:23  Supply Depot  
  106  10:24  Marine x2  
  106  10:25  Marine  
  109  10:33  Missile Turret  
  109  10:35  Missile Turret  
  109  10:36  Supply Depot, Marine x4  
  109  10:40  Supply Depot  
  109  10:42  Marine  
  114  10:44  Supply Depot  
  114  10:47  Missile Turret  
  114  10:53  Marine x2, Missile Turret x2  
  114  10:54  Marine  
  114  10:56  Missile Turret  
  117  10:58  Hellbat, Missile Turret  
  117  10:59  Supply Depot  
  119  11:07  Terran Infantry Weapons Level 1, Missile Turret  
  119  11:08  Engineering Bay  
  119  11:12  Terran Vehicle Weapons Level 3  
  119  11:13  Missile Turret  
  119  11:24  Infernal Pre-Igniter  
  119  11:26  Drilling Claws  
  119  11:27  Missile Turret  
  119  11:35  Terran Infantry Armor Level 1, Missile Turret  
  119  11:40  Marine  
  119  11:41  Marine x6  
  126  11:56  Command Center  
  126  11:57  Missile Turret  
  126  11:58  Marine  
  123  12:18  Marine, Missile Turret  
  123  12:19  Marine x6  
  130  12:25  Hellbat x2  
  130  12:27  Thor  
  140  12:36  Marine  
  140  12:37  Marine x6  
  139  12:39  Missile Turret  
  145  12:45  Supply Depot  
  145  12:51  Medivac x2  
  149  12:54  Marine x2  
  149  12:56  Hellbat  
  153  12:59  Hellbat  
  155  13:09  Supply Depot, Orbital Command  
  154  13:51  Marine x5  
  154  13:52  Marine x2  
  154  13:53  Hellbat x2  
  165  14:09  Marine  
  111  14:17  Marine x3  
  111  14:18  Marine  
  111  14:19  Marine x2  
  105  14:26  Marine  
  106  14:34  Liberator x2  
  106  14:35  Marine x3  
  106  14:36  Marine  
  80  14:47  Marine x3  
  80  14:49  Hellbat  
  80  14:50  Hellbat, Siege Tank x2  
  90  14:53  Marine x3  
  90  14:54  Marine  
  90  14:57  Combat Shields  
  94  15:04  Marine  
  94  15:05  Marine x2  
  94  15:06  SCV  
  95  15:11  Marine x3, Refinery x2  
  95  15:12  Marine  
  99  15:19  Hellbat x2, SCV  
  104  15:22  Marine  
  104  15:23  Marine x2  
  107  15:30  Terran Vehicle And Ship Armor Level 1  
  107  15:31  SCV  
Show
View Real Time Build Order
Export as new Build Order

blackxored Zerg - Winner!

Build Orders: Hatch First, Muta Ling Bane 

Get SALT Encoding   

  12  0:01  Drone  
  13  0:11  Drone  
  14  0:19  Overlord  
  14  0:25  Extractor  
  14  0:26  Drone  
  15  0:38  Drone  
  15  0:39  Drone  
  17  0:54  Hatchery  
  16  0:57  Drone  
  16  1:00  Drone  
  18  1:12  Extractor  
  18  1:16  Spawning Pool  
  16  1:18  Drone  
  16  1:22  Drone  
  18  1:28  Drone  
  19  1:38  Overlord  
  19  1:49  Drone  
  20  2:04  Zergling x2  
  21  2:13  Overlord  
  21  2:17  Drone  
  21  2:19  Queen  
  21  2:20  Queen  
  26  2:27  Metabolic Boost  
  26  2:34  Hatchery  
  25  2:47  Drone x3  
  25  2:48  Drone x2  
  30  2:52  Drone  
  30  3:01  Queen  
  32  3:09  Drone  
  32  3:10  Baneling Nest  
  32  3:14  Pneumatized Carapace  
  32  3:21  Spine Crawler  
  32  3:24  Drone  
  32  3:25  Drone  
  33  3:41  Zergling x2  
  34  3:49  Drone x6  
  34  3:52  Drone  
  34  3:53  Drone  
  42  3:57  Overlord, Queen  
  44  4:08  Zergling x2  
  44  4:09  Zergling x8  
  49  4:38  Zergling x18  
  57  4:48  Overlord x2  
  57  4:59  Drone  
  58  5:06  Queen x2  
  62  5:19  Drone x8  
  70  5:27  Overlord  
  69  5:32  Drone, Hatchery  
  69  5:36  Drone  
  69  5:37  Drone x3  
  73  5:45  Queen  
  73  5:46  Overlord x2  
  73  5:47  Lair  
  75  5:50  Drone x3  
  75  5:51  Drone, Hatchery  
  75  5:53  Extractor  
  75  5:54  Extractor  
  76  5:58  Drone  
  76  5:59  Drone  
  76  6:01  Drone  
  79  6:06  Extractor  
  79  6:10  Evolution Chamber  
  77  6:13  Extractor, Evolution Chamber  
  77  6:15  Zergling x10  
  80  6:23  Drone x2  
  80  6:24  Zergling x2, Drone  
  80  6:25  Zergling x12  
  90  6:26  Baneling x2  
  90  6:27  Baneling x6  
  90  6:28  Baneling x3  
  90  6:29  Baneling  
  90  6:32  Extractor, Drone  
  90  6:34  Drone  
  91  6:40  Drone x2  
  91  6:42  Drone  
  91  6:43  Zerg Melee Weapons Level 1  
  91  6:46  Drone  
  95  6:47  Drone  
  95  6:50  Drone  
  95  6:53  Drone x3  
  100  6:55  Drone  
  100  6:59  Drone x2  
  103  7:03  Queen  
  103  7:07  Zerg Ground Armor Level 1  
  105  7:10  Zergling x4  
  105  7:11  Zergling x6  
  105  7:12  Overlord x2  
  105  7:13  Overlord  
  110  7:27  Centrifical Hooks  
  109  7:48  Drone  
  109  7:49  Spire  
  109  7:50  Zergling x40  
  129  7:52  Baneling x9  
  129  7:53  Baneling x5  
  129  7:59  Baneling x3  
  129  8:00  Baneling x2  
  129  8:07  Zergling x2  
  129  8:08  Zergling x8  
  96  8:27  Zergling x30  
  85  8:33  Queen x3  
  105  8:45  Drone  
  105  8:46  Drone  
  105  8:48  Drone x8  
  115  8:53  Zergling x4  
  114  9:03  Zerg Ground Armor Level 2, Zerg Melee Weapons Level 2  
  114  9:05  Mutalisk  
  114  9:06  Roach Warren, Mutalisk x3  
  121  9:13  Drone x6  
  127  9:35  Mutalisk x3  
  127  9:37  Overlord x3  
  133  9:39  Zerg Flyer Armor Level 1  
  133  9:45  Extractor  
  132  9:46  Extractor  
  131  9:54  Infestation Pit  
  130  10:06  Drone x2  
  132  10:08  Drone  
  132  10:10  Overlord x4  
  132  10:25  Zergling x40  
  152  10:31  Hive  
  152  10:35  Hatchery  
  151  10:59  Overlord  
  151  11:00  Overlord  
  151  11:01  Overlord  
  151  11:03  Overlord  
  151  11:04  Overlord  
  151  11:25  Overlord x4  
  151  11:52  Overseer x2  
  151  11:58  Drone  
  151  12:00  Zergling x2  
  151  12:01  Zergling x54, Ultralisk Cavern  
  173  12:42  Drone x4  
  173  12:43  Drone x3  
  180  12:46  Extractor  
  180  12:48  Extractor  
  178  12:51  Chitinous Plating  
  178  12:53  Ultralisk x3  
  178  12:54  Overlord x3  
  196  13:05  Hatchery  
  195  13:06  Zerg Melee Weapons Level 3, Zerg Ground Armor Level 3  
  195  13:09  Adrenal Glands  
  179  13:39  Greater Spire  
  179  13:47  Ultralisk x3  
  193  13:56  Baneling x15  
  193  13:57  Baneling x5  
  193  14:01  Baneling  
  193  14:02  Baneling x13  
  167  14:11  Ultralisk x5  
  176  14:18  Corruptor x5  
  172  14:37  Corruptor x12  
  180  14:50  Ultralisk  
  180  14:52  Zergling x28  
  200  15:31  Extractor  
  200  15:32  Extractor  
  184  15:44  Ultralisk x2  
Tags
 
Add a new tag
Caveats
  • Supply blocks, unpowered buildings, or Contaminate may cause inaccurate times.
  • Supply counts are checked every 10 seconds.